 Dungeon Sprint DCSS version 0.19.1 (webtiles) character file.

977 dvd the Blocker (level 7, -1/74 HPs)
             Began as a Minotaur Fighter on Dec 23, 2016.
             Was a Follower of Okawaru.
             Slain by a sixfirhy (9 damage)
             ... summoned by a kobold demonologist
             ... in the Dungeon (Sprint I: "Red Sonja").
             The game lasted 00:01:40 (410 turns).

dvd the Blocker (Minotaur Fighter)                   Turns: 410, Time: 00:01:41

Health: -1/74      AC: 13    Str: 21    XL:     7   Next: 95%
Magic:  4/6        EV: 11    Int:  5    God:    Okawaru [*.....]
Gold:   416        SH: 14    Dex: 11    Spells: 0 memorised, 6 levels left

rFire  . . .     SeeInvis .     a - +0 war axe
rCold  . . .     Gourm    .     n - +0 chain mail
rNeg   . . .     Faith    .     c - +0 shield
rPois  .         Spirit   .     (helmet restricted)
rElec  .         Reflect  .     (no cloak)
rCorr  .         Harm     .     (no gloves)
MR     .....     NoTele   +     (no boots)
Stlth  ..........               (no amulet)
                                (no ring)
                                (no ring)

@: heroism
A: retaliatory headbutt, horns 2
a: Heroism, Renounce Religion


You were in the Dungeon.
You worshipped Okawaru.
Okawaru was aware of your devotion.
You were not hungry.

You visited 1 branch You collected 416 gold pieces.

Inventory:

Hand Weapons
 a - a +0 war axe (weapon)
Armour
 b - a +0 scale mail
 c - a +0 shield (worn)
 n - a +0 chain mail (worn)
Scrolls
 k - a scroll of blinking
Potions
 d - a potion of might
 e - a potion of curing
 g - a potion of heal wounds
 h - a potion of haste
 i - 2 potions of magic
 j - a potion of berserk rage
 l - a potion of degeneration {unknown}
Comestibles
 f - 2 bread rations
 m - 3 chunks of flesh


   Skills:
 + Level 11.4(16.4) Fighting
 + Level 9.6(14.6) Axes
 + Level 10.6(15.6) Armour
 + Level 0.2(5.2) Dodging
 + Level 11.5(16.5) Shields


You had 6 spell levels left.
You didn't know any spells.

Dungeon Overview and Level Annotations

Branches:
Dungeon (1/1)

Altars:
Cheibriados
Dithmenos
Elyvilon
Fedhas
Gozag
Hepliaklqana
Kikubaaqudgha
Makhleb
Nemelex Xobeh
Okawaru
Qazlal
Ru
Sif Muna
Trog
Uskayaw
Vehumet
Xom
Yredelemnul
Zin
The Shining One
Jiyva
Lugonu

Shops:
D *


Innate Abilities, Weirdness & Mutations

You reflexively headbutt those who attack you in melee.
You have a pair of horns on your head.


Message History

The ball of steam hits you!
You completely miss the kobold demonologist.
Your headbutt misses the kobold demonologist.
The kobold demonologist is severely wounded.
You closely miss the smoke demon.
You are engulfed in a cloud of scalding steam.
The kobold demonologist hits you but does no damage.
You block the sixfirhy's attack.
You gain the combat prowess of a mighty hero.
You are engulfed in a cloud of scalding steam.
The sixfirhy is engulfed in a cloud of scalding steam.
The sixfirhy hits you. The sixfirhy shocks you!
* * * LOW HITPOINT WARNING * * *
The sixfirhy is engulfed in a cloud of scalding steam.
You block the sixfirhy's attack.
The sixfirhy is engulfed in a cloud of scalding steam.
The sixfirhy hits you.
* * * LOW HITPOINT WARNING * * *
The sixfirhy shocks you!
You die...

#####################
.)..#..'..#__#§§@335#
.#..').#..'..'.§#K5.#
###'#####'#__####54.+
##..#...#.#### ####
_####..##.#
____##'#..+
.∩...'..._#
..__##_.#'#
____###+#.#


You could see a rust devil, a kobold demonologist, a sixfirhy, a smoke demon, a
quasit, a shadow imp and an ufetubus.

Vanquished Creatures
  A kobold demonologist (D)
  A slime creature (D)
  Sigmund (D)
  A yak (D)
  A floating eye (D)
  An ogre (D)
  A jelly (D)
  Ijyb (D)
8 creatures vanquished.

Notes
Turn   | Place    | Note
-------+----------+-------------------------------------------
     0 | D        | dvd the Minotaur Fighter began the quest for the Orb.
     0 | D        | Reached XP level 1. HP: 19/19 MP: 0/0
     1 | D        | Noticed Ijyb
     6 | D        | Killed Ijyb
     6 | D        | Reached skill level 5 in Fighting
     6 | D        | Reached skill level 5 in Armour
     6 | D        | Reached skill level 5 in Shields
     6 | D        | Reached XP level 2. HP: 29/29 MP: 1/1
   110 | D        | Noticed an ogre
   116 | D        | Killed an ogre
   116 | D        | Reached XP level 3. HP: 39/39 MP: 2/2
   116 | D        | Reached XP level 4. HP: 47/47 MP: 3/3
   129 | D        | Noticed Sigmund
   138 | D        | Killed Sigmund
   138 | D        | Reached XP level 5. HP: 51/56 MP: 4/4
   138 | D        | Reached XP level 6. HP: 57/62 MP: 5/5
   172 | D        | Found a deep blue altar of Sif Muna.
   174 | D        | Found a radiant altar of Vehumet.
   219 | D        | Found Lextoagg's Assorted Antiques.
   219 | D        | Found an ancient bone altar of Kikubaaqudgha.
   219 | D        | Found a hazy altar of Hepliaklqana.
   219 | D        | Found a stormy altar of Qazlal.
   219 | D        | Found a hide-covered altar of Uskayaw.
   219 | D        | Found a blossoming altar of Fedhas.
   219 | D        | Found a bloodstained altar of Trog.
   219 | D        | Found an iron altar of Okawaru.
   219 | D        | Found a basalt altar of Yredelemnul.
   219 | D        | Found a glowing golden altar of the Shining One.
   219 | D        | Found a snail-covered altar of Cheibriados.
   219 | D        | Found a sacrificial altar of Ru.
   219 | D        | Found a glowing silver altar of Zin.
   219 | D        | Found a shadowy altar of Dithmenos.
   219 | D        | Found a white marble altar of Elyvilon.
   219 | D        | Noticed a yak
   226 | D        | Killed a yak
   226 | D        | Reached skill level 10 in Fighting
   226 | D        | Reached skill level 10 in Shields
   227 | D        | Found an opulent altar of Gozag.
   230 | D        | Found a sparkling altar of Nemelex Xobeh.
   295 | D        | Became a worshipper of Warmaster Okawaru
   308 | D        | Found a burning altar of Makhleb.
   308 | D        | Found a viscous altar of Jiyva.
   308 | D        | Found a shimmering altar of Xom.
   308 | D        | Found a corrupted altar of Lugonu.
   308 | D        | Noticed a slime creature
   314 | D        | Killed a slime creature
   314 | D        | Reached skill level 10 in Armour
   314 | D        | Reached XP level 7. HP: 59/73 MP: 6/6
   390 | D        | Noticed a kobold demonologist
   391 | D        | Noticed a kobold demonologist
   397 | D        | Noticed a chaos spawn
   399 | D        | Noticed a smoke demon
   399 | D        | Noticed a chaos spawn
   403 | D        | Noticed a hellwing
   403 | D        | Killed a kobold demonologist
   403 | D        | Reached * piety under Okawaru
   406 | D        | Noticed a rust devil
   409 | D        | Noticed a sixfirhy
   410 | D        | Slain by a sixfirhy

Skill      XL: |  1  2  3  4  5  6  7 |
---------------+----------------------+-----
Fighting       | 5 7 8 10 11 | 11.4
Axes           | 3 4 6 8 9 |  9.6
Armour         | 5 6 8 10 | 10.6
Shields        | 5 7 9 10 11 | 11.5
Dodging        | |  0.2

Action                   |  1- 3 |  4- 6 |  7- 9 || total
-------------------------+-------+-------+-------++-------
Melee: War axe           |     9 |    22 |    17 ||    48
       Headbutt          |     1 |     3 |     3 ||     7
Invok: Heroism           |       |       |     1 ||     1
Armor: Scale mail        |       |     4 |       ||     4
       Chain mail        |       |     3 |    13 ||    16
Dodge: Dodged            |     4 |     1 |    12 ||    17
Block: Shield            |     5 |     8 |    14 ||    27
